 Dungeon Crawl Stone Soup version 0.29.1-13-g9f3cf754e1 (webtiles) character file.

Game seed: 3748198495389168096

22 growler the Trooper (level 2, 0/23 HPs)
             Began as a Demonspawn Wanderer on Feb 4, 2023.
             Slain by a gnoll
             ... wielding a +0 flail
              (1 damage)
             ... on level 2 of the Dungeon.
             The game lasted 00:03:11 (1207 turns).

growler the Trooper (Demonspawn Wanderer)           Turns: 1207, Time: 00:03:11

Health: 0/23       AC:  6    Str: 14    XL:     2   Next: 68%
Magic:  3/3        EV:  9    Int: 13    God:
Gold:   39         SH:  0    Dex: 12    Spells: 3/3 levels left

rFire   . . .      SeeInvis .   a - +2 short sword
rCold   . . .      Faith    .   (no shield)
rNeg    . . .      Spirit   .   c - +0 scale mail
rPois   .          Reflect  .   (no helmet)
rElec   .          Harm     .   (no cloak)
rCorr   .          Rampage  .   (no gloves)
Will    .....                   (no boots)
Stlth   +.........              (no amulet)
HPRegen 0.07/turn               (no ring)
MPRegen 0.08/turn               (no ring)

@: no status effects
A: thin skeletal structure 1
a: no special abilities


You were on level 2 of the Dungeon.
You visited 1 branch of the dungeon, and saw 2 of its levels.

You collected 39 gold pieces.

Inventory:

Hand Weapons
 a - a +2 short sword (weapon)
 b - a +0 hand axe
Armour
 c - a +0 scale mail (worn)
Scrolls
 j - a scroll of identify {unknown}
Potions
 d - a potion of haste
 e - 4 potions of resistance {unknown}
 f - 2 potions of curing {unknown}
 g - a potion of flight {unknown}
 h - a potion of invisibility {unknown}
 i - a potion of attraction {unknown}


   Skills:
 + Level 2.7 Fighting
 - Level 1.7 Short Blades
 - Level 2.6 Axes
 - Level 2.6 Armour
 - Level 1.0 Spellcasting


You had 3 spell levels left.
You didn't know any spells.
Your spell library was empty.

Dungeon Overview and Level Annotations

Branches:
Dungeon (2/15)

Altars:

Shops:
D:1 (


Innate Abilities, Weirdness & Mutations

You have a somewhat thin skeletal structure. (Dex +2, Stealth+)


Message History

The ball python constricts you.
You hear an angry hiss.
You closely miss the ball python. The ball python barely misses you.
The ball python constricts you.
You hit the ball python.
The ball python is heavily wounded.
The ball python closely misses you. The ball python constricts you.
You escape the ball python's grasp.
The gnoll attacks as you move away! The gnoll barely misses you.
The ball python bites you but does no damage.
The ball python grabs you. The ball python constricts you.
The ball python's grasp on you weakens, but your attempt to escape fails.
The gnoll barely misses you. The ball python barely misses you.
The ball python constricts you.
You escape the ball python's grasp.
The gnoll attacks as you move away! The gnoll hits you with a +0 flail!
The ball python attacks as you move away!
The ball python barely misses you.
The ball python attacks as you move away!
The ball python bites you but does no damage.
The ball python closely misses you. The gnoll attacks as you move away!
The gnoll closely misses you. The gnoll attacks as you move away!
The gnoll hits you but does no damage.
You see here a +0 short sword.
The ball python attacks as you move away!
The ball python bites you but does no damage.
The ball python barely misses you.
You hit the ball python.
You kill the ball python!
You hit the gnoll.
The gnoll is heavily wounded.
The gnoll hits you with a +0 flail!
You hit the gnoll.
The gnoll is severely wounded.
The gnoll hits you with a +0 flail.
* * * LOW HITPOINT WARNING * * *
You hit the gnoll.
The gnoll is almost dead.
The gnoll hits you with a +0 flail.
You die...

#...# ##..# #..#
#..# #..# #g.##
##g#.## ##g###.##
####@## ##.#
..###.###.##
########.#
##.#.##
.......#.# #...#
##.....#.## #.#.#
#..
......)..(###.#.#
#.#
##.....#........#
#.##
#.....#.#.######
...## ###.###)#.#


You could see 3 gnolls.

Vanquished Creatures
  A bat (D:1)
  2 endoplasms (D:1)
  A giant cockroach (D:2)
  3 goblins (D:1)
  3 hobgoblins (D:1)
  A quokka (D:1)
  3 ball pythons
  2 frilled lizards (D:1)
  2 kobolds
  A rat (D:1)
19 creatures vanquished.

Notes
Turn   | Place    | Note
-------+----------+-------------------------------------------
     0 | D:1      | growler the Demonspawn Wanderer began the quest for the
                  | Orb.
     0 | D:1      | growler set off with the following items: a +2 short sword,
                  | a +0 hand axe, a +0 scale mail, a potion of haste.
     0 | D:1      | Reached XP level 1. HP: 15/15 MP: 2/2
   625 | D:1      | Gained mutation: You have a somewhat thin skeletal
                  | structure. (Dex +2, Stealth+) [demonic ancestry]
   625 | D:1      | Reached XP level 2. HP: 21/22 MP: 3/3
   674 | D:1      | Found Ryni's Weapon Shoppe.
  1206 | D:2      | HP: 1/23 [gnoll/+0 flail (6)]
  1207 | D:2      | Slain by a gnoll

Illustrated notes

Levels and vault maps discovered:
D:1:      nicolae_arrival_somewhat_less_tricky_arrival, layout_rooms,
          serial_shops, nicolae_shop_bloodbath_and_beyond
D:2:      layout_loops_ring

Skill      XL: |  1 |
---------------+----+-----
Fighting       | 2 |  2.7
Short Blades   | |  1.7
Axes           | |  2.6
Armour         | |  2.6
Spellcasting   | |  1.0

Action                   || total
-------------------------++-------
Melee: Short sword       ||    62
Armor: Scale mail        ||    30
Dodge: Dodged            ||    37
